 Dungeon Crawl Stone Soup version 0.28.0-53-g5a82cb258f (webtiles) character file.

Game seed: 11534907297022857028

1879 nickcage the Destroyer (level 8, -1/37 (41) HPs)
             Began as a Deep Elf Conjurer on June 27, 2022.
             Was a Follower of Sif Muna.
             Slain by Eustachio
             ... wielding a +1 rapier of draining
              (2 damage)
             ... on level 6 of the Dungeon.
             The game lasted 00:18:11 (5897 turns).

nickcage the Destroyer (Deep Elf Conjurer)          Turns: 5897, Time: 00:18:13

HP:   -1/37 (41)    AC:  4    Str:  4    XL:     8   Next: 91%
MP:   11/22         EV: 12    Int: 26    God:    Sif Muna [*.....]
Gold: 195           SH:  0    Dex: 13    Spells: 13/24 levels left

rFire   . . .      SeeInvis .   i - +3 spear (freeze)
rCold   . . .      Faith    .   b - orb {light}
rNeg    . . .      Spirit   .   a - +0 robe
rPois   .          Reflect  .   (no helmet)
rElec   .          Harm     .   k - +1 cloak
rCorr   .          Rampage  .   (no gloves)
Will    .....                   (no boots)
Stlth   +.........              (no amulet)
HPRegen 0.12/turn               (no ring)
MPRegen 0.18/turn               (no ring)

@: glowing, drained
A: no striking features
a: Renounce Religion, Channel Magic


You were on level 6 of the Dungeon.
You worshipped Sif Muna.
Sif Muna was aware of your devotion.
You visited 2 branches of the dungeon, and saw 7 of its levels.

You collected 195 gold pieces.

Inventory:

Hand Weapons
 i - a +3 spear of freezing (weapon)
 o - a +0 rapier
Armour
 a - a +0 robe (worn)
 b - an orb of light (worn)
 k - a +1 cloak (worn)
 n - the +4 ring mail of Tender Moments {Int+4}
   (You found it on level 4 of the Dungeon)

   Int:       It affects your intelligence (+4).
Magical Staves
 l - a staff of earth
Jewellery
 q - a +6 ring of dexterity
Wands
 t - a wand of iceblast (12)
Scrolls
 c - 4 scrolls of identify
 f - 3 scrolls of enchant weapon
 p - a scroll of amnesia
 s - a scroll of fog {unknown}
Potions
 d - a potion of lignification {unknown}
 e - 2 potions of heal wounds
 g - a potion of might
 h - 3 potions of mutation
 j - a potion of berserk rage
 m - a potion of curing {unknown}
 r - a potion of brilliance {unknown}


   Skills:
 - Level 2.4 Dodging
 - Level 2.4 Stealth
 + Level 8.5 Spellcasting
 * Level 10.3 Conjurations
 - Level 4.3 Hexes
 - Level 3.4 Translocations


You had 13 spell levels left.
You knew the following spells:

 Your Spells              Type           Power      Damage    Failure   Level
a - Magic Dart            Conj           100%       1d8       1%          1
b - Searing Ray           Conj           100%       2d8       1%          2
c - Fulminant Prism       Conj/Hex       24%        3d13      2%          4
d - Iskenderun's Mystic   Conj/Tloc      47%        2d10      3%          4

Your spell library contained the following spells:

 Spells                   Type           Power      Damage    Failure   Level
 Apportation              Tloc           58%        N/A       1%          1
 Dazzling Flash           Conj/Hex       98%        N/A       1%          3
 Animate Skeleton         Necr           22%        N/A       5%          1
 Beastly Appendage        Tmut           22%        N/A       5%          1
 Summon Small Mammal      Summ           44%        N/A       5%          1
 Wereblood                Tmut           11%        N/A       9%          2
 Spider Form              Tmut/Pois      11%        N/A       16%         3


Dungeon Overview and Level Annotations

Branches:
Dungeon (6/15)             Temple (1/1) D:4

Altars:
Ashenzari
Cheibriados
Dithmenos
Elyvilon
Fedhas
Hepliaklqana
Kikubaaqudgha
Makhleb
Nemelex Xobeh
Ru
Sif Muna
Trog
Uskayaw
Wu Jian
Xom
Yredelemnul
The Shining One

Annotations:
D:6 Eustachio


Message History

The searing ray hits the hound!
The hound is almost dead.
The hound bites you. The bat hits you but does no damage.
The hound closely misses you.
The searing ray hits the hound.
You kill the hound!
Sif Muna accepts your kill. The bat closely misses you.
A centaur comes into view.
Found a stone staircase leading down.
The bat hits you but does no damage.
The centaur moves out of view.
The bat hits you but does no damage.
You hit the bat. You freeze the bat.
You kill the bat!
The bat's corpse disappears in a puff of smoke!
The searing ray hits Eustachio.
Eustachio is lightly wounded. (Press . to maintain the ray.)
The searing ray hits Eustachio.
Eustachio is lightly wounded.
A bullfrog skeleton comes into view.
The centaur wields a +0 shortbow.
The centaur shoots an arrow.
The arrow hits you!
The searing ray hits Eustachio.
Eustachio is moderately wounded.
The centaur shoots an arrow.
The arrow barely misses you. Eustachio misses you.
A steam dragon comes into view.
Eustachio hits you with a +1 rapier of draining.
You feel drained.
Eustachio hits you with a +1 rapier of draining.
You feel drained.
There is a stone staircase leading up here.
The centaur shoots an arrow.
The arrow hits you! The steam dragon breathes steam at you.
The ball of steam misses you.
The centaur shoots an arrow.
The arrow barely misses you.
Eustachio hits you with a +1 rapier of draining!
* * * LOW HITPOINT WARNING * * *
You feel drained.
You die...

##>....### ...#
.........##..## .
.......)....# #.
......Z....#
##.##..........
#..........#
#.......##
#..c..@..##.#.
......#@ยงยง..D..#
......##...#....
....c ....# #..
..... ....# . ....
.....# .... .....#
....... ##...


You could see Eustachio, a centaur and a bullfrog skeleton.

Vanquished Creatures
  Prince Ribbit (D:5)
  A shadow (D:6)
  Sigmund (D:2)
  4 yaks (D:5)
  A sky beast (D:5)
  An ice beast (D:5)
  A bullfrog zombie (D:5)
  6 hounds
  Crazy Yiuf (D:2)
  An orc priest (D:4)
  2 jellies
  2 iguanas (D:4)
  Terence (D:3)
  2 orc wizards
  A killer bee zombie (D:5)
  6 adders
  A worm (D:3)
  4 dart slugs
  10 orcs
  6 ball pythons
  5 bats
  5 endoplasms
  2 giant cockroaches
  4 goblins (D:4)
  6 hobgoblins
  3 jackals (D:5)
  6 quokkas
  3 frilled lizards
  2 kobolds
  3 rats
92 creatures vanquished.

Vanquished Creatures (others)
  2 fulminant prisms (D:6)
2 creatures vanquished.

Grand Total: 94 creatures vanquished

Notes
Turn   | Place    | Note
-------+----------+-------------------------------------------
     0 | D:1      | nickcage the Deep Elf Conjurer began the quest for the Orb.
     0 | D:1      | Reached XP level 1. HP: 10/10 MP: 6/6
   176 | D:1      | Reached XP level 2. HP: 15/15 MP: 4/8
   179 | D:1      | Learned a level 2 spell: Searing Ray
   294 | D:1      | Reached skill level 5 in Conjurations
   611 | D:2      | Found a faded altar of an unknown god.
   738 | D:2      | Reached XP level 3. HP: 15/19 MP: 4/9
   852 | D:2      | Noticed Sigmund
   859 | D:2      | Killed Sigmund
   860 | D:2      | Reached skill level 6 in Conjurations
   860 | D:2      | Reached XP level 4. HP: 14/24 MP: 1/12
   860 | D:2      | Reached XP level 5. HP: 16/28 MP: 1/13
  1047 | D:2      | Found a runed translucent door.
  1048 | D:2      | Noticed Crazy Yiuf
  1054 | D:2      | HP: 1/28 [Crazy Yiuf/+4 quarterstaff of chaos (12)]
  1055 | D:2      | Killed Crazy Yiuf
  1056 | D:2      | Reached skill level 7 in Conjurations
  1456 | D:2      | Identified the +4 pair of gloves "Araaj" {rElec rN+ Str-5
                  | Int+2 Slay+3}
  1961 | D:3      | Found a hide-covered altar of Uskayaw.
  2016 | D:3      | Reached XP level 6. HP: 25/32 MP: 8/14
  2234 | D:3      | Learned a level 4 spell: Fulminant Prism
  2239 | D:3      | Learned a level 4 spell: Iskenderun's Mystic Blast
  2305 | D:3      | Found a basalt altar of Yredelemnul.
  2308 | D:3      | Found a sparkling altar of Nemelex Xobeh.
  2404 | D:3      | Noticed Terence
  2409 | D:3      | Killed Terence
  2566 | D:3      | Found a glowing golden altar of the Shining One.
  2566 | D:3      | Found a shadowy altar of Dithmenos.
  2708 | D:3      | Found a white marble altar of Elyvilon.
  2830 | D:4      | Found a staircase to the Ecumenical Temple.
  2840 | Temple   | Entered the Ecumenical Temple
  2997 | Temple   | Became a worshipper of Sif Muna the Loreminder
  3159 | D:4      | Found a hazy altar of Hepliaklqana.
  3185 | D:4      | Identified the +4 ring mail of Tender Moments {Int+4}
  3259 | D:4      | Reached skill level 1 in Hexes
  3286 | D:4      | Reached skill level 1 in Translocations
  3672 | D:4      | Reached skill level 5 in Spellcasting
  3672 | D:4      | Reached skill level 8 in Conjurations
  4044 | D:4      | Reached XP level 7. HP: 33/36 MP: 5/16
  4426 | D:5      | Entered Level 5 of the Dungeon
  4852 | D:5      | Reached * piety under Sif Muna
  5085 | D:5      | Noticed a yak
  5086 | D:5      | Noticed a yak
  5086 | D:5      | Noticed a yak
  5101 | D:5      | Killed a yak
  5102 | D:5      | Reached XP level 8. HP: 41/41 MP: 9/19
  5178 | D:5      | Reached skill level 9 in Conjurations
  5428 | D:5      | Noticed Prince Ribbit
  5435 | D:5      | Killed Prince Ribbit
  5650 | D:6      | Reached skill level 10 in Conjurations
  5692 | D:6      | Noticed Eustachio
  5897 | D:6      | HP: 1/39 [Eustachio/+1 rapier of draining (11)]
  5897 | D:6      | Slain by Eustachio

Illustrated notes

Levels and vault maps discovered:
D:1:      dpeg_arrival_pits, layout_rooms, hex_tiny, due_unseen_surprise
D:2:      layout_rooms, chequers_ecumenical_altar_simple_redux,
          minmay_crystal_room, uniq_sigmund, uniq_crazy_yiuf_cottage
D:3:      layout_loops_ring, minitemple, nicolae_elyvilon_temple_path,
          gammafunk_temple_overflow_elements, uniq_terence
D:4:      layout_cave_pods, mainiacjoe_overflow_alcove_4,
          minmay_temple_entry_water_ring, serial_column_ruins,
          column_ruins_open_small, column_ruins_grid_3, column_ruins_grid_1,
          column_ruins_open_small, column_ruins_grid_1,
          column_ruins_columns_corner, column_ruins_corridor_T,
          chequers_mini_garden
D:5:      layout_loops_ring, uniq_prince_ribbit1
D:6:      layout_cave_pools, okawaru_ov_weapons_minmay,
          nicolae_qazlal_eye_of_the_storm, hangedman_decor_clover_reticule,
          uniq_eustachio
Temple:   dpeg_chambers_temple

Skill      XL: |  1  2  3  4  5  6  7  8 |
---------------+-------------------------+-----
Conjurations   | 5 6 7 8 10 | 10.3
Spellcasting   | 4 5 6 8 |  8.5
Hexes          | 2 3 4 |  4.3
Translocations | 1 2 3 |  3.4
Dodging        | |  2.4
Stealth        | |  2.4

Action                   |  1- 3 |  4- 6 |  7- 9 || total
-------------------------+-------+-------+-------++-------
Melee: Spear             |       |     2 |     1 ||     3
 Cast: Magic Dart        |    44 |    46 |    20 ||   110
       Searing Ray       |     1 |    18 |    24 ||    43
       Fulminant Prism   |       |       |     2 ||     2
  Use: Scroll            |       |    10 |     5 ||    15
Armor: Robe              |       |     3 |     6 ||     9
Dodge: Dodged            |       |     9 |    21 ||    30
